 Dungeon Crawl Stone Soup version 0.20-a0-1026-gc3ddcbd (webtiles) character file.

1918 Gorglomux the Chiller (level 8, -25/57 HPs)
             Began as a Purple Draconian Ice Elementalist on Apr 20, 2017.
             Annihilated by an orc warrior
             ... wielding a +0 glaive
              (31 damage)
             ... in a bailey.
             The game lasted 00:21:45 (8857 turns).

Gorglomux the Chiller (DrIE)                        Turns: 8857, Time: 00:21:46

Health: -25/57     AC:  9    Str: 11    XL:     8   Next: 95%
Magic:  7/17       EV: 12    Int: 17    God:
Gold:   403        SH:  0    Dex: 15    Spells: 10/19 levels left

rFire    . . .     SeeInvis .   e - +1 hand axe (freeze)
rCold    . . .     Gourm    .   (no shield)
rNeg     . . .     Faith    .   (armour unavailable)
rPois    .         Spirit   .   (helmet restricted)
rElec    .         Reflect  .   h - +2 cloak
rCorr    .         Harm     .   (no gloves)
MR       +....                  (no boots)
Stlth    ++........             (no amulet)
Regen    0.2/turn               s - ring of wizardry {Wiz+, !d}
MPRegen  0.2/turn               i - +3 ring of dexterity

@: no status effects
A: breathe power, unfitting armour, cold-blooded, AC +6
a: Breathe Dispelling Energy


You were in a bailey.
You were very hungry.

You visited 1 branch of the dungeon, and saw 7 of its levels.
You also visited: Sewer and Bailey.

You collected 403 gold pieces.

Inventory:

Hand Weapons
 d - a +1 mace
   (You took it off a kobold on level 1 of the Dungeon)
 e - a +1 hand axe of freezing (weapon)
   (You took it off an orc on level 3 of the Dungeon)
 z - a +2 falchion of holy wrath
   (You took it off an orc on level 4 of the Dungeon)
Armour
 h - a +2 cloak (worn)
   (You found it on level 2 of the Dungeon)
 C - a +0 pair of boots
   (You found it on level 5 of the Dungeon)
Magical Staves
 F - an uncursed staff of conjuration {!a}
   (You found it on level 6 of the Dungeon)
 H - an uncursed staff of wizardry {wiz+, !a}
   (You found it on level 6 of the Dungeon)
Jewellery
 i - a +3 ring of dexterity (right hand)
   (You found it on level 2 of the Dungeon)
 s - a ring of wizardry (left hand) {Wiz+, !d}
   (You found it on level 3 of the Dungeon)
 t - an uncursed ring of stealth {Stlth+}
   (You found it on level 3 of the Dungeon)
 x - an uncursed ring of positive energy {rN+}
   (You found it on level 4 of the Dungeon)
 L - an uncursed ring of positive energy {rN+}
   (You found it on level 7 of the Dungeon)
Wands
 J - a wand of lightning (1/15)
   (You found it on level 7 of the Dungeon)
Scrolls
 f - 2 scrolls of magic mapping {!r}
 g - 3 scrolls of teleportation
 o - 2 scrolls of enchant armour {unknown}
 p - 2 scrolls of amnesia {unknown}
 q - a scroll of immolation {unknown}
 u - 3 scrolls of identify
 y - 2 scrolls of blinking {unknown}
 A - a scroll of fog {unknown}
 D - 2 scrolls of remove curse
 K - a scroll of random uselessness {unknown}
Potions
 j - 8 potions of curing {unknown}
 k - 3 potions of resistance
 m - a potion of brilliance {unknown}
 r - 2 potions of magic {unknown}
 v - a potion of mutation {unknown}
 w - 2 potions of might {unknown}
 B - 2 potions of heal wounds
 E - a potion of invisibility {unknown}
 I - 2 potions of berserk rage {unknown}
Books
 a - a book of Frost
 G - a book of Misfortune
   (You found it on level 6 of the Dungeon)
Comestibles
 b - 2 bread rations {@e1@e1}
 c - 4 fruits
 l - 2 royal jellies
 n - 2 meat rations {@e2@e2}


   Skills:
 - Level 1.7 Dodging
 - Level 1.7 Stealth
 + Level 6.1 Spellcasting
 * Level 5.9 Conjurations
 * Level 6.2 Summonings
 + Level 6.4 Ice Magic


You had 10 spell levels left.
You knew the following spells:

 Your Spells              Type           Power        Failure   Level  Hunger
a - Freeze                Ice            ####         1%          1    None
b - Summon Ice Beast      Ice/Summ       ####....     4%          4    ####...
x - Throw Icicle          Conj/Ice       ####....     4%          4    ####...


Dungeon Overview and Level Annotations

Branches:
Dungeon (7/15)
 Temple: D:4-7

Altars:
Hepliaklqana
Nemelex Xobeh
Trog
Xom


Innate Abilities, Weirdness & Mutations

You can breathe bolts of dispelling energy.
Your rich purple scales are hard. (AC +6)
You cannot fit into any form of body armour.
You are cold-blooded and may be slowed by cold attacks.


Message History

Your ice beast hits the orc warrior but does no damage.
There is an open door, spattered with blood here.
Things that are here:
a hand axe; an orc skeleton Your ice beast closely misses the orc warrior. x2
Your ice beast hits the orc warrior but does no damage.
Your ice beast misses the orc warrior.
Things that are here:
a glaive; a scale mail; an orc skeleton Unknown command.
Aim: an orc warrior, wielding a trident and wearing a plate armour The shard of ice misses the orc warrior.
You are feeling very hungry.
You now have 1/17 mp.
You feel much better.
The orc warrior hits you from afar with a trident!
You regained 15 hp, and now have 20/57 hp.
Your ice beast disappears in a puff of smoke!
The orc warrior hits you from afar with a trident!
* * * LOW HITPOINT WARNING * * *
You take 16 damage, and have 4/57 hp.
MASSIVE DAMAGE!!
You feel much better.
The orc warrior hits you from afar with a trident!
* * * LOW HITPOINT WARNING * * *
You regained 11 hp, and now have 15/57 hp.
Your ice beast hits the orc warrior but does no damage.
There is a gate leading back out of this place, spattered with blood here.
Unknown command.
The orc warrior hits you from afar with a trident!
* * * LOW HITPOINT WARNING * * *
Your ice beast misses the orc warrior.
You take 8 damage, and have 8/57 hp.
Unknown command.
The orc warrior barely misses you.
Your ice beast hits the orc warrior but does no damage.
Unknown command.
Your ice beast hits the orc warrior but does no damage.
Unknown command.
You have got your breath back.
Your ice beast closely misses the orc warrior.
The orc warrior hits you but does no damage.
Your ice beast barely misses the orc warrior.
There is an open door, spattered with blood here.
Things that are here:
a hand axe; an orc skeleton Your ice beast closely misses the orc warrior.
Your ice beast disappears in a puff of smoke!
There is an open door, spattered with blood here.
Things that are here:
a glaive; a ring mail
Things that are here:
a trident; a ring mail; a hand axe An orc knight comes into view.
It is wielding a halberd.
Things that are here:
a spear; an orc corpse Unknown command.
As you read the scroll of teleportation, it crumbles to dust.
You feel strangely unstable.
The orc knight shouts!
The orc warrior hits you from afar with a trident.
* * * LOW HITPOINT WARNING * * *
The orc knight closely misses you.
You take 3 damage, and have 9/57 hp.
Unknown command.
Your surroundings suddenly seem different.
An orc knight comes into view. It is wielding a trident.
The orc knight shouts!
An orc, an orc warrior and an orc knight come into view.
Unknown command.
As you read the scroll of teleportation, it crumbles to dust.
You feel strangely unstable.
The orc hits you from afar with a spear.
* * * LOW HITPOINT WARNING * * *
You take 5 damage, and have 4/57 hp.
The orc barely misses you.
The orc knight roars a battlecry!
The orcs go into a battle-frenzy!
The orc shouts!
You hear a shout! x2
There is a huge open gate here.
The orc barely misses you.
The orc knight roars a battlecry!
The orc knight goes into a battle-frenzy!
The orc warrior reads a scroll.
Wisps of shadow swirl around the orc warrior.
Unknown command.
Your surroundings suddenly seem different.
An orc knight comes into view. It is wielding an enchanted halberd.
The orc knight roars a battlecry!
The orcs go into a battle-frenzy!
The orc knight roars a battlecry!
Found a scroll of summoning and 2 scrolls labeled JIOS EGY XOEQA.
Found a gate leading back out of this place.
An orc warrior comes into view. It is wielding a glaive.
You see here a scroll of summoning.
There is a gate leading back out of this place here.
The orc misses you. The orc knight barely misses you.
The orc warrior hits you from afar with a glaive!!
Ouch! That really hurt!
You die...

########### ####
##..........###...
#......o...o.'....
#..o...oo.ggoo....
#@oo??o.....oo....
#....?o....o.'....
#......g.....o....
##..........###...
########### ####


You could see 2 orc knights, 2 orc warriors, an orc wizard, a gnoll and 3 orcs.

Vanquished Creatures
  Grinder (D:6)
  An orc warrior (D:6)
  A sky beast (D:6)
  2 centaurs (D:7)
  The ghost of DEFE the Pure, an amateur DEAK of Lugonu (D:3)
  A bullfrog (D:6)
  A howler monkey (D:5)
  A crimson imp (D:5)
  A hound (D:7)
  2 jellies
  3 orc priests
  3 orc wizards (D:6)
  4 worker ants
  2 hound skeletons (D:5)
  16 adders
  A shadow imp (D:7)
  3 oozes
  2 adder skeletons (D:6)
  4 worms (D:2)
  2 dart slugs
  11 leopard geckos
  33 orcs
  3 ball pythons
  8 giant cockroaches
  14 goblins
  7 hobgoblins
  An iguana (D:3)
  15 jackals
  3 quokkas
  14 bats
  11 frilled lizards
  A giant cockroach zombie (D:6)
  17 kobolds
  A leopard gecko skeleton (D:5)
  A leopard gecko zombie (D:5)
  10 rats
  2 plants (Sewer)
204 creatures vanquished.

Vanquished Creatures (collateral kills)
  Edmund (D:6)
  4 orc warriors (Bailey)
  A centaur (D:5)
  2 jellies
  An orc wizard (D:6)
  2 worker ants
  A worker ant zombie (D:6)
  24 orcs
  A plant (Sewer)
37 creatures vanquished.

Vanquished Creatures (others)
  A bush (D:1)
  A plant (Sewer)
2 creatures vanquished.

Grand Total: 243 creatures vanquished

Notes
Turn   | Place    | Note
-------+----------+-------------------------------------------
     0 | D:1      | Gorglomux the Draconian Ice Elementalist began the quest for the Orb.
     0 | D:1      | Reached XP level 1. HP: 14/14 MP: 3/3
   400 | D:1      | Reached XP level 2. HP: 20/20 MP: 1/5
   908 | D:1      | Reached XP level 3. HP: 26/26 MP: 4/6
  1044 | D:1      | Reached skill level 4 in Ice Magic
  1669 | D:2      | Gorglomux: !lg saltcity
  1669 | D:2      | beem: 53. SaltCity the Slayer (L26 OgIE of Cheibriados), blasted by an orb of fire (fireball) (kmap: hall_of_Zot) on Zot:5 on 2017-04-19 05:37:24, with 566756 points after 101733 turns and 3:17:35.
  1669 | D:2      | Gorglomux: !lg saltcity -log
  1669 | D:2      | beem: 53. SaltCity, XL26 OgIE, T:101733: https://crawl.project357.org/morgue/SaltCity/morgue-SaltCity-20170419-053724.txt
  1794 | D:2      | Reached XP level 4. HP: 30/33 MP: 5/8
  1980 | D:2      | Reached skill level 3 in Spellcasting
  2352 | D:2      | Learned a level 4 spell: Summon Ice Beast
  2357 | D:2      | Learned a level 4 spell: Throw Icicle
  2513 | D:2      | Reached XP level 5. HP: 37/38 MP: 6/9
  3026 | D:3      | Reached skill level 5 in Ice Magic
  3274 | D:3      | Reached skill level 1 in Summonings
  3332 | D:3      | Noticed DEFE's ghost (amateur DEAK)
  3350 | D:3      | Killed DEFE's ghost
  3350 | D:3      | Reached skill level 2 in Conjurations
  3503 | D:3      | Found a shimmering altar of Xom.
  3647 | D:3      | Reached XP level 6. HP: 45/45 MP: 5/11
  3714 | D:3      | Reached skill level 2 in Summonings
  4948 | D:4      | Found a bloodstained altar of Trog.
  5365 | D:5      | Entered Level 5 of the Dungeon
  5379 | D:5      | Reached skill level 3 in Conjurations
  5429 | D:5      | Found a bloodstained altar of Trog.
  5503 | D:5      | Found a glowing drain.
  5556 | Sewer    | Entered a sewer
  5662 | Sewer    | Reached skill level 3 in Summonings
  5721 | Sewer    | Your scales start taking on a rich purple colour.
  5721 | Sewer    | Reached skill level 4 in Spellcasting
  5721 | Sewer    | Reached XP level 7. HP: 43/50 MP: 8/13
  6479 | D:5      | Found a sparkling altar of Nemelex Xobeh.
  6605 | D:6      | Found a hazy altar of Hepliaklqana.
  6683 | D:6      | Reached skill level 4 in Conjurations
  6683 | D:6      | Reached skill level 4 in Summonings
  6789 | D:6      | Reached skill level 5 in Spellcasting
  7067 | D:6      | Reached XP level 8. HP: 46/57 MP: 5/15
  7384 | D:6      | Noticed Grinder
  7418 | D:6      | Killed Grinder
  7418 | D:6      | Reached skill level 5 in Conjurations
  7475 | D:6      | Reached skill level 5 in Summonings
  7475 | D:6      | Reached skill level 6 in Ice Magic
  7566 | D:6      | Noticed Edmund
  7572 | D:6      | Killed Edmund
  8032 | D:7      | Found a flagged portal.
  8122 | Bailey   | Entered a bailey
  8138 | Bailey   | HP: 12/57 [orc/trident (8)]
  8140 | Bailey   | Reached skill level 6 in Spellcasting
  8427 | Bailey   | Reached skill level 6 in Summonings
  8457 | Bailey   | HP: 3/57 [orc warrior/trident (18)]
  8532 | Bailey   | HP: 2/57 [orc warrior/trident (16)]
  8806 | Bailey   | HP: 14/57 [orc warrior/trident (23)]
  8807 | Bailey   | HP: 2/57 [orc warrior/trident (12)]
  8823 | Bailey   | HP: 4/57 [orc warrior/trident (16)]
  8845 | Bailey   | Noticed an orc knight
  8848 | Bailey   | HP: 9/57 [orc warrior/trident (3)]
  8849 | Bailey   | Noticed an orc knight
  8850 | Bailey   | Noticed an orc knight
  8850 | Bailey   | HP: 4/57 [orc/spear (5)]
  8855 | Bailey   | Noticed an orc knight
  8857 | Bailey   | Annihilated by an orc warrior

Vault maps used:
D:1:      dpeg_arrival_morbid_curiosity, dk_noncrumbling_4,
          lexackson_kobold_supper
D:3:      dk_xom_monty_hall
D:4:      trog_butcher_becter
D:5:      lemuel_doored_altar, first_bread, gup_sewer_entry_pipe,
          nemelex_lonely_heart_becter
D:6:      kennysheep_six_static_rooms, basic_altar, uniq_grinder, uniq_edmund
D:7:      minmay_temple_entry_nine_rooms, enter_bailey_8
Sewer:    sewer_co_scattered_pipes
Bailey:   bailey_polearm_5, bailey

Skill      XL: |  1  2  3  4  5  6  7  8 |
---------------+-------------------------+-----
Ice Magic      | 4 5 6 |  6.4
Spellcasting   | 3 4 5 6 |  6.1
Summonings     | 1 3 4 6 |  6.2
Conjurations   | 2 3 4 5 |  5.9
Dodging        | |  1.7
Stealth        | |  1.7

Action                   |  1- 3 |  4- 6 |  7- 9 || total
-------------------------+-------+-------+-------++-------
Melee: Unarmed           |     7 |       |       ||     7
       Mace              |   141 |    59 |       ||   200
       Tailslap          |    18 |    18 |    28 ||    64
       Hand axe          |       |   106 |   179 ||   285
       Falchion          |       |       |    21 ||    21
       Staff             |       |       |     1 ||     1
 Cast: Freeze            |    39 |    98 |    43 ||   180
       Summon Ice Beast  |       |     6 |    26 ||    32
       Throw Icicle      |       |       |    27 ||    27
 Abil: Breathe Dispellin |       |       |    11 ||    11
Evoke: Wand              |       |       |     3 ||     3
  Use: Scroll            |       |     5 |     3 ||     8
       Potion            |       |       |     3 ||     3
 Stab: Sleeping          |     2 |     8 |       ||    10
       Distracted        |       |       |     1 ||     1
  Eat: Chunk             |     4 |    14 |    17 ||    35
       Fruit             |       |       |     3 ||     3
Armor: Skin              |    38 |    91 |    76 ||   205
Dodge: Dodged            |    93 |   154 |   157 ||   404
       Rpst.: Falchion   |       |       |     2 ||     2

Vault maps used:
D:1:      dpeg_arrival_morbid_curiosity, dk_noncrumbling_4,
          lexackson_kobold_supper
D:3:      dk_xom_monty_hall
D:4:      trog_butcher_becter
D:5:      lemuel_doored_altar, first_bread, gup_sewer_entry_pipe,
          nemelex_lonely_heart_becter
D:6:      kennysheep_six_static_rooms, basic_altar, uniq_grinder, uniq_edmund
D:7:      minmay_temple_entry_nine_rooms, enter_bailey_8
Sewer:    sewer_co_scattered_pipes
Bailey:   bailey_polearm_5, bailey

Table legend:
 A = Turns spent in this place as a percentage of turns spent in the entire game.
 B = Non-inter-level travel turns spent in this place as a percentage of non-inter-level travel turns spent in the entire game.
 C = Inter-level travel turns spent in this place as a percentage of turns spent in this place.
 D = Turns resting spent in this place as a percentage of non-inter-level travel turns spent in this place.
 E = Turns spent auto-exploring this place as a percentage of non-inter-level travel turns spent in this place.
 F = Non-inter-level travel turns spent in this place divided by the number of levels of this place that you've seen.
                   A       B       C       D       E      F
               +-------+-------+-------+-------+-------+----------------------
         Total | 100.0 | 100.0 |   0.2 |   3.9 |   7.8 | 312.4
       Dungeon |  74.4 |  74.4 |   0.3 |   4.8 |   9.3 | 298.7
         Sewer |  11.0 |  11.0 |   0.0 |   0.0 |   5.5 | 310.0
        Bailey |  14.6 |  14.6 |   0.0 |   2.4 |   1.7 | 411.0
               +-------+-------+-------+-------+-------+----------------------

Table legend:
 A = Kills in this place as a percentage of kills in entire the game.
 B = Kills by you in this place as a percentage of kills by you in the entire game.
 C = Kills by friends in this place as a percentage of kills by friends in the entire game.
 D = Other kills in this place as a percentage of other kills in the entire game.
 E = Experience gained in this place as a percentage of experience gained in the entire game.
 F = Experience gained in this place divided by the number of levels of this place that you have seen.
                   A       B       C       D       E      F
               +-------+-------+-------+-------+-------+----------------------
         Total | 100.0 | 100.0 | 100.0 |  -nan | 100.0 | 304.4
       Dungeon |  78.2 |  84.7 |  41.7 |  -nan |  83.5 | 327.0
         Sewer |   9.2 |  10.9 |   0.0 |  -nan |   2.5 |  68.0
        Bailey |  12.6 |   4.5 |  58.3 |  -nan |  14.0 | 383.0
               +-------+-------+-------+-------+-------+----------------------
